 Dungeon Crawl Stone Soup version 0.22-a0-392-g5dc3fd9 (webtiles) character file.

110 DrEnzyme the Chopper (level 4, -4/35 HPs)
             Began as a Draconian Wanderer on Apr 30, 2018.
             Slain by a worker ant (6 damage)
             ... while paralysed by Grinder
             ... on level 4 of the Dungeon.
             The game lasted 00:10:08 (2374 turns).

DrEnzyme the Chopper (Draconian Wanderer)           Turns: 2374, Time: 00:10:09

Health: -4/35      AC:  6    Str: 16    XL:     4   Next: 61%
Magic:  4/4        EV:  2    Int: 10    God:
Gold:   123        SH:  0    Dex: 12    Spells: 3/3 levels left

rFire    . . .     SeeInvis .   a - +0 hand axe
rCold    . . .     Gourm    .   (no shield)
rNeg     . . .     Faith    .   (armour unavailable)
rPois    .         Spirit   .   (helmet restricted)
rElec    .         Reflect  .   (no cloak)
rCorr    .         Harm     .   (no gloves)
MR       .....                  g - +0 pair of boots
Stlth    ++........             (no amulet)
HPRegen  0.11/turn              (no ring)
MPRegen  0.09/turn              (no ring)

@: paralysed
A: unfitting armour, cold-blooded, AC +5
a: no special abilities


You were on level 4 of the Dungeon.
You were not hungry.

You visited 1 branch of the dungeon, and saw 3 of its levels.

You collected 123 gold pieces.

Inventory:

Hand Weapons
 a - a +0 hand axe (weapon)
 b - a +0 shortbow
 c - a +2 dagger
Missiles
 e - 31 arrows (quivered)
Armour
 g - a +0 pair of boots (worn)
Scrolls
 i - a scroll of amnesia
 j - 2 scrolls of remove curse {unknown}
 m - a scroll of fog {unknown}
Potions
 d - a potion of berserk rage
 k - a potion of curing {unknown}
 n - a potion of heal wounds {unknown}
Comestibles
 f - 2 rations


   Skills:
 + Level 1.6 Fighting
 - Level 1.2 Short Blades
 * Level 4.5 Axes
 + Level 3.6 Bows
 + Level 0.5 Dodging
 * Level 2.4 Stealth


You had 3 spell levels left.
You didn't know any spells.

Dungeon Overview and Level Annotations

Branches:
Dungeon (2/15)

Altars:
Ashenzari
Nemelex Xobeh
Ru
Zin

Annotations:
D:4 Grinder


Innate Abilities, Weirdness & Mutations

Your plain brown scales are hard. (AC +5)
You cannot fit into any form of body armour.
You are cold-blooded and may be slowed by cold attacks.


Message History

You barely miss Grinder.
You tail-slap Grinder, but do no damage.
You barely miss the worker ant. You hit the worker ant.
Grinder gestures at you.
You suddenly lose the ability to move!
The worker ant bites you.
The worker ant bites you but does no damage.
Grinder hits you.
You writhe in agony.
The worker ant bites you.
The worker ant bites you but does no damage. x2
Grinder hits you. The worker ant bites you.
The worker ant bites you but does no damage.
Grinder hits you.
* * * LOW HITPOINT WARNING * * *
The worker ant bites you!
* * * LOW HITPOINT WARNING * * *
The worker ant bites you but does no damage.
Grinder barely misses you. The worker ant bites you.
* * * LOW HITPOINT WARNING * * *
The worker ant bites you.
You die...

#..... #..#.....##.# (.....
#..#(.##.##.### #(....####
#.._..##.##...# ....(....#
##..#...#.####.# .........#
#...#..... #.# #.5.#
#..###.##. #.# # #...#
#..###.##### #.#
[...##...###a.###.......#.#
....(.......a@5..........>####
#........####.###.####........
#.##...### #.# .# #.####... #
##.. #.# # #.#...... #.. #.# #
#.##... #.. ... # #... ##. #.#
#. #.## #. ... #. #.# #.a
######. #.#


You could see Grinder and 2 worker ants.

Vanquished Creatures
  A centaur skeleton (D:4)
  3 adders (D:2)
  2 oozes (D:2)
  A worm (D:2)
  3 leopard geckos
  4 bats (D:1)
  5 giant cockroaches
  7 hobgoblins
  4 jackals (D:1)
  4 frilled lizards
  2 kobolds (D:1)
  3 rats
39 creatures vanquished.

Notes
Turn   | Place    | Note
-------+----------+-------------------------------------------
     0 | D:1      | DrEnzyme the Draconian Wanderer began the quest for the Orb.
     0 | D:1      | DrEnzyme set off with: a +2 dagger, a potion of berserk rage, a +0 hand axe, a +0 shortbow, 24 arrows, a ration
     0 | D:1      | Reached XP level 1. HP: 16/16 MP: 1/1
   224 | D:1      | Reached XP level 2. HP: 18/23 MP: 2/2
  1021 | D:2      | Reached XP level 3. HP: 21/28 MP: 3/3
  1197 | D:2      | Found a shattered altar of Ashenzari.
  1198 | D:2      | Found a sparkling altar of Nemelex Xobeh.
  1202 | D:2      | Found a glowing silver altar of Zin.
  1244 | D:2      | Reached skill level 1 in Short Blades
  1741 | D:2      | Reached XP level 4. HP: 33/35 MP: 4/4
  1810 | D:2      | Found a sacrificial altar of Ru.
  2032 | D:2      | You fall through a shaft for 2 floors!
  2074 | D:4      | Found a shattered altar of Ashenzari.
  2353 | D:4      | Noticed Grinder
  2370 | D:4      | Paralysed by Grinder for 7 turns
  2373 | D:4      | HP: 1/35 [worker ant (1)]
  2374 | D:4      | Slain by a worker ant

Vault maps used:
D:1:      scummos_arrival_forest, grunt_decor_one_mirror
D:2:      nicolae_overflow_hidden_temple, nicolae_ru_path_of_blood
D:4:      kennysheep_mini, cheibrodos_ashenzari_chains, uniq_grinder

Skill      XL: |  1  2  3 |
---------------+----------+-----
Bows           | 3 |  3.6
Stealth        | 2 |  2.4
Short Blades   | 1 |  1.2
Fighting       | |  1.6
Axes           | |  4.5
Dodging        | |  0.5

Action                   |  1- 3 |  4- 6 || total
-------------------------+-------+-------++-------
Melee: Dagger            |    73 |       ||    73
       Tailslap          |     8 |     2 ||    10
       Hand axe          |     6 |    23 ||    29
 Fire: Shortbow          |    47 |     7 ||    54
  Use: Scroll            |       |     2 ||     2
  Eat: Ration            |     1 |     1 ||     2
Armor: Skin              |    23 |    10 ||    33
Dodge: Dodged            |    42 |    21 ||    63

Table legend:
 A = Spawn XP
 B = Non-spawn XP
 C = Spawn XP percentage of total XP
 D = Spawn monster count
 E = Non-spawn monster count
 F = Spawn count percentage of total count
 G = Total turns spent on level
                    A         B        C        D         E        F      G
               +---------+---------+-------+---------+---------+-------+---------
         Total |       0 |     158 |   0.0 |       0 |      39 |   0.0 |  2374
               +---------+---------+-------+---------+---------+-------+---------
           D:1 |       0 |      38 |   0.0 |       0 |      21 |   0.0 |  1165
           D:2 |       0 |      76 |   0.0 |       0 |      16 |   0.0 |   867
           D:4 |       0 |      44 |   0.0 |       0 |       2 |   0.0 |   342
               +---------+---------+-------+---------+---------+-------+---------
